Map: Lock & Load

Players

MattBarry

  • Race: Protoss Protoss
  • Spawn Location: 6:00

MattBarry

  • Race: Zerg Zerg

VOD

Have the link to the VOD?

Description

Time

  • Played on: Jan. 3, 2023, 12:49 a.m.
  • Length: 26:22
Show
View Real Time Build Order
Export as new Build Order

MattBarry Protoss 

Build Orders:  

Get SALT Encoding   

  12  0:03  Probe (Chrono Boost)  
  13  0:16  Probe (Chrono Boost)  
  14  0:27  Pylon  
  14  0:31  Probe (Chrono Boost)  
  15  0:52  Probe (Chrono Boost)  
  15  0:53  Gateway  
  16  1:05  Probe (Chrono Boost)  
  16  1:08  Assimilator  
  17  1:19  Probe (Chrono Boost)  
  18  1:30  Dark Pylon  
  18  1:32  Probe (Chrono Boost)  
  19  1:45  Probe (Chrono Boost)  
  19  1:49  Gateway  
  20  1:59  Cybernetics Core  
  20  2:00  Centurion  
  20  2:04  Probe (Chrono Boost)  
  23  2:12  Assimilator  
  23  2:35  Pylon  
  23  2:44  Warp Gate  
  23  2:54  Stalker x2  
  27  3:07  Forge  
  27  3:18  Protoss Ground Weapons Level 1  
  27  3:43  Dark Pylon  
  27  4:00  Stalker x2  
  32  4:21  Probe (Chrono Boost)  
  32  4:23  Nexus  
  32  4:33  Stalker x2  
  36  5:02  Gateway  
  36  5:04  Gateway  
  36  5:07  Pylon  
  36  5:21  Twilight Council  
  36  5:29  Stalker  
  38  5:38  Stalker  
  41  5:52  Probe (Chrono Boost)  
  39  6:07  Protoss Ground Armor Level 1  
  37  6:26  Stalker x2  
  37  6:27  Stalker x2  
  45  6:34  Probe (Chrono Boost)  
  45  6:37  Probe (Chrono Boost)  
  47  7:00  Shadow Charge, Probe (Chrono Boost)  
  47  7:03  Probe (Chrono Boost)  
  49  7:17  Dark Pylon  
  49  7:21  Centurion x3  
  49  7:26  Centurion  
  57  7:37  Stargate  
  58  7:43  Probe (Chrono Boost)  
  58  7:44  Probe (Chrono Boost)  
  59  7:59  Centurion  
  63  8:00  Probe (Chrono Boost)  
  63  8:01  Probe (Chrono Boost)  
  63  8:02  Centurion  
  63  8:08  Centurion  
  67  8:15  Centurion  
  69  8:20  Oracle  
  69  8:47  Stalker x3  
  78  8:58  Pylon  
  78  9:01  Pylon  
  78  9:04  Pylon  
  78  9:12  Probe x2 (Chrono Boost)  
  64  9:36  Assimilator  
  64  9:39  Centurion x4  
  72  9:43  Assimilator  
  72  9:55  Probe x2 (Chrono Boost)  
  74  10:15  Centurion x2  
  74  10:16  Centurion x2  
  80  10:30  Gateway  
  80  10:31  Gateway  
  80  10:34  Gateway  
  66  11:13  Protoss Ground Weapons Level 2  
  66  11:31  Centurion  
  66  11:33  Stalker x3  
  66  11:36  Blink  
  68  12:04  Probe x2 (Chrono Boost)  
  70  12:16  Darkcoil, Oracle  
  72  12:20  Dark Pylon  
  72  12:21  Probe x2 (Chrono Boost)  
  72  12:24  Centurion  
  72  12:25  Centurion x5  
  72  12:26  Centurion  
  82  12:33  Dark Shrine  
  56  13:29  Centurion x4  
  62  13:30  Centurion x2  
  62  13:37  Argus Crystal  
  66  13:57  Gateway  
  66  13:59  Gateway  
  66  14:02  Gateway, Stalker x3  
  66  14:04  Stalker x3  
  78  14:37  Mind Control  
  78  15:05  Centurion x2  
  78  15:06  Centurion x4  
  56  16:10  Centurion x5  
  56  16:11  Centurion x4  
  74  16:32  Pylon  
  74  16:35  Pylon  
  74  16:37  Pylon  
  74  16:38  Gateway  
  74  16:42  Pylon  
  74  16:50  Stalker x4  
  74  16:51  Stalker x5  
  78  17:49  Centurion x4  
  82  17:50  Centurion x5  
  59  18:23  Stalker  
  59  18:24  Stalker x5  
  59  18:25  Stalker x4  
  59  18:29  Protoss Ground Weapons Level 3  
  79  18:42  Dark Pylon  
  75  18:58  Stalker  
  75  18:59  Stalker x4  
  83  19:00  Centurion x3, Oracle  
  83  19:01  Centurion x2  
  96  19:30  Oracle  
  96  19:35  Centurion  
  98  19:43  Centurion x3  
  98  19:44  Centurion x3  
  98  19:46  Dark Archon  
  98  19:47  Dark Archon  
  98  19:48  Dark Archon  
  125  20:02  Dark Pylon  
  127  20:52  Dark Archon  
  127  20:53  Dark Archon x2  
  139  21:04  Pylon  
  139  21:06  Pylon  
  139  21:08  Pylon  
  139  21:10  Pylon x2  
  139  22:05  Dark Pylon  
  139  22:25  Centurion x4  
  139  22:26  Centurion x5  
  139  22:27  Centurion  
  139  23:11  Centurion  
  141  23:21  Dark Archon  
  141  23:22  Dark Archon x3  
  141  23:23  Dark Archon x2  
  141  23:24  Dark Archon  
  141  23:25  Dark Archon  
  173  23:30  Centurion  
  197  25:42  Dark Pylon  
Show
View Real Time Build Order
Export as new Build Order

MattBarry Zerg 

Build Orders:  

Get SALT Encoding   

  18  0:03  Primal Drone  
  19  0:13  Primal Drone  
  19  0:18  Primal Drone  
  21  0:26  Primal Drone  
  22  0:52  Primal Warden  
  22  0:53  Primal Drone  
  24  1:01  Extractor  
  24  1:12  Primal Drone  
  24  1:13  Primal Drone  
  26  1:34  Primal Drone  
  27  1:45  Extractor  
  27  2:05  Primal Drone  
  27  2:07  Primal Drone  
  29  2:28  Glevig's Den  
  28  2:33  Primal Drone  
  29  2:42  Primal Zergling x2  
  29  2:48  Primal Zergling  
  29  2:49  Primal Zergling  
  33  3:16  Primal Hive  
  38  3:24  Primal Drone x3  
  41  3:35  Primal Attacks Level 1  
  41  3:41  Primal Drone  
  41  3:44  Primal Drone  
  43  4:03  Primal Roach  
  43  4:04  Primal Roach  
  43  4:08  Primal Drone  
  43  4:09  Primal Drone  
  49  4:22  Primal Drone  
  50  4:37  Murvar's Den  
  49  5:10  Primal Hive  
  49  5:13  Primal Drone  
  49  5:14  Primal Drone x6  
  49  5:19  Glial Reconstitution  
  56  5:29  Primal Roach  
  58  5:46  Primal Warden  
  56  6:19  Concentrated Fire  
  53  6:28  Primal Warden  
  55  6:31  Primal Warden  
  55  6:35  Primal Drone  
  55  6:36  Primal Drone x5  
  55  6:37  Primal Drone x2  
  63  6:42  Primal Swarm Host  
  66  7:17  Primordial Fury  
  66  7:20  Primal Roach x4  
  66  7:21  Primal Roach x3  
  80  7:30  Extractor  
  80  7:31  Extractor  
  80  7:36  Primal Carapace Level 1  
  80  7:41  Primal Attacks Level 2  
  80  8:05  Primal Warden  
  80  8:06  Primal Warden  
  80  8:14  Primal Roach x5  
  80  8:15  Primal Roach  
  80  8:16  Primal Warden  
  92  8:29  Primal Warden  
  92  8:52  Primal Roach x4  
  92  8:53  Primal Roach  
  92  8:54  Primal Roach  
  104  9:02  Primal Igniter x3  
  104  9:03  Primal Igniter x4  
  94  9:55  Primal Drone  
  94  9:56  Primal Drone x4  
  99  10:20  Primal Roach  
  99  10:21  Primal Roach x10  
  99  10:22  Primal Roach x9  
  124  10:42  Primal Wurm  
  124  10:46  Primal Wurm  
  123  10:50  Primal Wurm  
  123  11:24  Explosive Spores  
  123  11:33  Primal Attacks Level 3  
  123  11:36  Primal Roach  
  123  11:37  Primal Roach x7  
  135  12:04  Primal Guardian x2  
  135  12:06  Primal Igniter x4  
  135  12:07  Primal Igniter x3  
  124  12:40  Primal Hydralisk  
  124  12:41  Primal Hydralisk x5  
  124  12:45  Muscular Augments  
  136  12:52  Primal Drone  
  136  12:53  Primal Drone x9  
  137  14:52  Primal Hydralisk  
  137  14:53  Primal Hydralisk x5  
  137  14:54  Primal Hydralisk  
  137  14:55  Primal Hydralisk  
  153  15:10  Slicing Glave  
  150  16:10  Shifting Carapace  
  79  16:58  Primal Drone  
  79  16:59  Primal Drone x4  
  75  17:08  Primal Hydralisk  
  75  17:09  Primal Hydralisk x14  
  102  17:10  Primal Reconstitution, Primal Hydralisk x5  
  106  18:48  Primal Hydralisk x6  
  106  18:49  Primal Hydralisk x14  
  146  19:51  Primal Mutalisk  
  146  19:52  Primal Mutalisk x4  
  146  19:53  Primal Mutalisk x2  
  146  19:58  Primal Hydralisk x2  
  146  19:59  Primal Hydralisk x7  
  152  20:43  Primal Carapace Level 2  
  152  20:48  Primal Hydralisk x2  
  152  20:49  Primal Hydralisk x2  
  160  21:06  Primal Mutalisk x4  
  160  21:07  Primal Mutalisk x2  
  154  21:10  Primal Mutalisk  
  154  21:18  Primal Roach  
  154  21:19  Primal Roach x2  
  159  21:48  Primal Wurm  
  162  21:51  Primal Wurm  
  162  21:54  Primal Wurm  
  162  21:56  Primal Wurm  
  162  21:58  Primal Drone x4  
  162  21:59  Primal Drone x5  
  172  22:00  Primal Drone  
  173  23:02  Primal Hydralisk x4  
  173  23:03  Primal Hydralisk x9  
  199  23:29  Primal Mutalisk  
  198  23:30  Primal Mutalisk x2  
  198  23:31  Primal Mutalisk  
Tags
 
Commander
DehakaVorazun
Matchup
Co-op
Replay Pack
Multiplayer
Add a new tag
Caveats
  • Supply blocks, unpowered buildings, or Contaminate may cause inaccurate times.
  • Supply counts are checked every 10 seconds.